 Dungeon Crawl Stone Soup version 0.20.0-15-g7f486f2 (webtiles) character file.

221934 Mellonil the Severer (level 18, -3/258 HPs)
             Began as a Minotaur Berserker on June 17, 2017.
             Was an Elder of Trog.
             Killed from afar by a spark wasp (29 damage)
             ... with a living lightning
             ... on level 1 of the Depths on June 18, 2017.
             The game lasted 03:51:25 (40941 turns).

Mellonil the Severer (Minotaur Berserker)          Turns: 40941, Time: 03:51:25

Health: -3/258     AC: 25    Str: 34    XL:     18   Next: 51%
Magic:  17/17      EV: 10    Int:  5    God:    Trog [****..]
Gold:   1505       SH:  0    Dex: 10    Spells: 17/17 levels left

rFire    . . .     SeeInvis .   w - +3 executioner's axe (chop)
rCold    . . .     Gourm    .   (shield currently unavailable)
rNeg     . . .     Faith    .   H - +0 plate armour
rPois    +         Spirit   .   (helmet restricted)
rElec    .         Reflect  .   P - +0 cloak
rCorr    .         Harm     .   z - +0 pair of gloves
MR       ++...                  v - +2 pair of boots
Stlth    ..........             (no amulet)
Regen    0.6/turn               G - ring of protection from magic
MPRegen  0.2/turn               T - ring of poison resistance

@: berserking, very quick
A: retaliatory headbutt, horns 2
}: 1/15 runes: decaying
a: Berserk, Trog's Hand, Brothers in Arms, Burn Spellbooks, Renounce Religion


You were on level 1 of the Depths.
You worshipped Trog.
Trog was greatly pleased with you.
You were near starving.

You visited 6 branches of the dungeon, and saw 30 of its levels.
You also visited: Bailey.

You collected 3487 gold pieces.
You spent 1982 gold pieces at shops.

Inventory:

Hand Weapons
 w - a +3 executioner's axe of chopping (weapon)
 E - a +0 arbalest
 M - a +7 antimagic broad axe
 V - the +9 hand crossbow "Fasky" {flame, MR+ Str+4 Dex+4}
   (You bought it in a shop on level 2 of the Orcish Mines)

   It causes projectiles fired from it to burn those they strike, causing extra
   injury to most foes and up to half again as much damage against particularly
   susceptible opponents.
   It affects your strength (+4).
   It affects your dexterity (+4).
   It affects your resistance to hostile enchantments.
Missiles
 g - 760 bolts
Armour
 v - a +2 pair of boots (worn)
 z - a +0 pair of gloves (worn)
 C - a +2 shield of cold resistance
 H - a +0 plate armour (worn)
 I - a +2 buckler
 P - a +0 cloak (worn)
Jewellery
 b - an uncursed ring of fire
 r - an uncursed ring of positive energy
 s - a +3 ring of protection
 G - a ring of protection from magic (left hand)
 K - a +2 ring of intelligence
 N - the ring of Sif Muna's Displeasure {rCorr rC- Dex+5}
   (You found it on level 5 of the Lair of Beasts)

   [ring of resist corrosion]

   It affects your dexterity (+5).
   It makes you vulnerable to cold.
 O - a +2 ring of strength
 Q - a +1 ring of protection
 T - a ring of poison resistance (right hand)
Wands
 k - a wand of digging (21/24)
Scrolls
 f - 11 scrolls of teleportation
 i - 3 scrolls of blinking
 m - 6 scrolls of enchant armour
 p - 4 scrolls of enchant weapon
 q - 19 scrolls of remove curse
 x - a scroll of silence
 y - a scroll of magic mapping
 B - 3 scrolls of brand weapon
 D - 6 scrolls of recharging
 F - 5 scrolls of fear
 L - 4 scrolls of fog
Potions
 a - 4 potions of invisibility
 d - 5 potions of mutation
 e - 6 potions of heal wounds
 h - 3 potions of agility
 n - 20 potions of curing
 o - 3 potions of might
 t - 6 potions of haste
 u - 2 potions of cancellation
 A - a potion of resistance
 J - 6 potions of brilliance
 S - 3 potions of flight
Comestibles
 c - 17 bread rations
 j - 7 royal jellies
 l - 13 meat rations


   Skills:
 + Level 18.3 Fighting
 + Level 18.8 Axes
 * Level 16.8 Crossbows
 + Level 18.2 Armour
 - Level 2.1 Dodging
 - Level 14.1 Shields


You had 17 spell levels left.
You didn't know any spells.

Dungeon Overview and Level Annotations

Branches:
Dungeon (15/15)            Temple (0/1) D:6            Lair (6/6) D:11
  Swamp (4/4) Lair:2       Spider (1/4) Lair:3        Slime (0/5) Lair:5
    Orc (2/2) D:9             Elf (0/3) Orc:2        Vaults (0/5) D:13
 Depths (2/5) D:15

Altars:
Gozag
Hepliaklqana
Qazlal
Ru
Sif Muna
Xom

Shops:
D:6 (   D:8 !   Orc:2 ?:((   Depths:1 }([!   Depths:2 (

Portals:
Hell: Depths:1
Pandemonium: Depths:2

Annotations:
D:3 1 transporter
Lair:1 exclusion: oklob plant
Depths:2 2 runed doors, Sojobo


Innate Abilities, Weirdness & Mutations

You reflexively headbutt those who attack you in melee.
You have a pair of horns on your head.


Message History

You barely miss the spark wasp. Your headbutt misses the spark wasp.
The spark wasp stings you but does no damage.
A spark wasp comes into view.
The spark wasp buzzes angrily.
You slash the spark wasp!
The spark wasp is lightly wounded.
The spark wasp stings you.
* * * LOW HITPOINT WARNING * * *
The spark wasp shocks you!
* * * LOW HITPOINT WARNING * * *
You slice the spark wasp like a ripe choko!!!
Your headbutt misses the spark wasp.
The spark wasp is almost dead.
The spark wasp stings you!
* * * LOW HITPOINT WARNING * * *
The spark wasp shocks you!
* * * LOW HITPOINT WARNING * * *
The spark wasp bursts into living lightning!
The living lightning hits you!
You die...

#### #..#.....##..##.......# #
#..'.....##...'......##
############.#.....######......##
..........##.####### ##'##'###
.....≈≈≈≈.##.# #.##...'
.....≈#≈≈.##.# ###.##..##
.....≈≈≈).'..# #.......##
..........#'########## #.####.###
...#####'.....#(@.y..# #.# #.# #
PP.#....#.♣♣♣.#..y...###.# #.#
≈P.#....#.♣ ♣.#>.....'.#.####.#
PP.#....#.♣♣♣.)......#........#
...#....#.[...#...y((#[######'###
#####'####'########'##.#.........
.# #.# #.# #(...'......... .# #.#
#.# #.##.#......... .# #.# #.#
#.##.#.≈≈≈≈≈...


You could see 3 spark wasps.

Vanquished Creatures
  Saint Roka (Depths:2)
  Jorgrun (Depths:2)
  A thorn hunter (Swamp:2)
  2 tengu reavers (Depths:1)
  Aizul (Swamp:3)
  An orc warlord (Orc:1)
  An entropy weaver (Spider:1)
  A stone giant (Depths:2)
  10 very ugly things
  The ghost of Scuka the Bludgeoner, a journeyman MiFi of Okawaru (Lair:2)
  3 spark wasps
  4 ettins (Depths:1)
  2 dire elephants
  4 fire dragons
  7 ice dragons
  Josephine (Orc:2)
  The ghost of esteth the Cruncher, a journeyman GrEE of Vehumet (Lair:4)
  18 hydras
  2 rakshasas (Depths:1)
  The ghost of greprep the Blocker, a journeyman MiFi of Okawaru (D:12)
  Harold (Orc:1)
  8 vault guards (D:13)
  11 centaur warriors
  3 ghost crabs
  2 catoblepae
  An ogre mage (D:15)
  4 death yaks (Lair:6)
  2 deep troll shamans
  17 two-headed ogres
  5 tengu warriors
  16 alligators
  5 deep troll earth magi
  The ghost of CalmDownMonkey the Grappler, a novice TrMo of Makhleb (Bailey)
  A spriggan berserker (Depths:2)
  8 deep trolls
  9 shambling mangroves
  A spriggan druid (Swamp:2)
  4 unseen horrors
  8 swamp dragons
  A wizard (Depths:2)
  Pikel (D:4)
  3 orb spiders (Spider:1)
  A wolf spider zombie (D:14)
  4 wolf spiders (Spider:1)
  2 necromancers
  2 deep elf magi
  2 orc sorcerers
  A tengu skeleton (Depths:1)
  5 orc knights
  17 ugly things
  A manticore (D:13)
  A salamander (D:15)
  3 cyclopes
  18 elephants
  4 black mambas
  2 gargoyles
  15 spiny frogs
  2 torpor snails
  2 rime drakes
  A rime drake (shapeshifter) (Depths:1)
  A kobold demonologist (D:12)
  6 komodo dragons
  A swamp worm zombie (Swamp:3)
  6 yaktaurs
  2 demonic crawlers (Spider:1)
  A hydra zombie (Swamp:3)
  An efreet (D:15)
  The ghost of ThereIsNoGod the Ruffian, an amateur TrMo (D:4)
  6 jumping spiders (Spider:1)
  4 tengu conjurers
  4 trolls
  26 hornets
  2 polar bears (Lair:6)
  7 bog bodies
  3 tyrant leeches
  4 dream sheep (Lair:5)
  12 hippogriffs
  7 blink frogs (Lair:1)
  An ettin zombie (Depths:1)
  17 slime creatures
  2 water elementals
  2 vampires
  A fire dragon skeleton (Depths:1)
  18 redbacks (Spider:1)
  5 basilisks
  Eustachio (D:4)
  6 shadows
  Sigmund (D:6)
  3 tarantellas (Spider:1)
  7 wraiths
  5 spriggans
  5 wyverns
  34 yaks
  A human (shapeshifter) (D:15)
  3 hungry ghosts
  28 vampire mosquitoes
  A tengu zombie (Depths:1)
  4 wargs
  21 swamp worms
  15 insubstantial wisps
  4 acid dragons
  8 water moccasins
  A soldier ant (D:14)
  46 orc warriors
  6 porcupines
  3 black bears
  2 sky beasts
  15 swamp drakes
  An ice beast (D:11)
  2 swamp dragon zombies (Swamp:3)
  2 necrophages
  An eye of draining (D:15)
  18 ogres
  5 boggarts (D:15)
  22 wolves
  36 centaurs
  3 big kobolds
  19 bullfrogs
  14 crocodiles
  Blork the orc (Orc:2)
  2 wyvern zombies
  11 gnoll sergeants
  3 scorpions
  2 wyvern skeletons
  3 wights (D:12)
  2 electric eels
  2 howler monkeys
  17 crimson imps
  3 centaur zombies
  12 hounds
  2 quasits
  3 jellies
  Crazy Yiuf (D:4)
  14 orc priests
  8 gnoll shamans
  19 orc wizards
  A bullfrog skeleton (D:5)
  7 centaur skeletons
  Ijyb (D:3)
  Jessica (D:2)
  3 iguanas
  11 worker ants
  A hound zombie (D:5)
  13 adders
  22 gnolls
  A howler monkey skeleton (D:11)
  5 shadow imps
  An ooze (D:2)
  2 adder skeletons
  3 worms
  A dart slug (D:3)
  4 leopard geckos
  80 orcs
  5 giant cockroaches
  9 goblins
  9 hobgoblins
  9 jackals
  12 kobolds
  4 quokkas
  2 ball pythons
  A ball python skeleton (D:4)
  5 bats
  4 frilled lizards
  A giant cockroach zombie (D:5)
  2 quokka skeletons
  4 rats
  2 plants (Lair:6)
1072 creatures vanquished.

Vanquished Creatures (collateral kills)
  A very ugly thing (Depths:1)
  A stone giant (Depths:1)
  An ettin (Depths:1)
  A rakshasa (Depths:1)
  9 hydras
  A death knight (D:15)
  A deep troll earth mage (Depths:1)
  3 swamp dragons (Swamp:4)
  A spriggan druid (Swamp:4)
  A shambling mangrove (Swamp:4)
  An ugly thing (Depths:1)
  5 slime creatures (Swamp:3)
  5 elephants (Lair:6)
  4 yaktaurs (Depths:1)
  2 rime drakes
  A troll (D:15)
  A bog body (Swamp:4)
  A redback (Spider:1)
  A wyvern (Lair:5)
  2 vampire mosquitoes (Swamp:4)
  3 swamp drakes (Swamp:4)
  An orc warrior (Depths:2)
  An orc wizard (Depths:2)
  3 orcs
51 creatures vanquished.

Vanquished Creatures (others)
  A lich (Depths:1)
  4 fungi
  8 plants
13 creatures vanquished.

Grand Total: 1136 creatures vanquished

Notes
Turn   | Place    | Note
-------+----------+-------------------------------------------
     0 | D:1      | Mellonil the Minotaur Berserker began the quest for the Orb.
     0 | D:1      | Reached XP level 1. HP: 19/19 MP: 0/0
   212 | D:1      | Reached XP level 2. HP: 27/27 MP: 1/1
   695 | D:2      | Noticed Jessica
   704 | D:2      | Killed Jessica
   704 | D:2      | Reached XP level 3. HP: 33/33 MP: 2/2
   894 | D:2      | Reached XP level 4. HP: 40/40 MP: 3/3
   898 | D:2      | Reached ** piety under Trog
  1618 | D:3      | Found a transporter.
  1763 | D:3      | Noticed Ijyb
  1781 | D:3      | Killed Ijyb
  1781 | D:3      | Reached XP level 5. HP: 47/47 MP: 4/4
  2081 | D:3      | Found a deep blue altar of Sif Muna.
  2300 | D:4      | Noticed ThereIsNoGod's ghost (amateur TrMo)
  2318 | D:4      | Killed ThereIsNoGod's ghost
  2318 | D:4      | Reached skill level 5 in Fighting
  2318 | D:4      | Reached skill level 5 in Axes
  2318 | D:4      | Reached skill level 5 in Armour
  2318 | D:4      | Reached XP level 6. HP: 56/56 MP: 5/5
  2647 | D:4      | Got a crude mace
  2649 | D:4      | Found a runed door.
  2788 | D:4      | Found a stormy altar of Qazlal.
  2886 | D:4      | Noticed Eustachio
  2902 | D:4      | Killed Eustachio
  2902 | D:4      | Reached XP level 7. HP: 63/63 MP: 6/6
  3006 | D:4      | Noticed Pikel
  3025 | D:4      | Killed Pikel
  3025 | D:4      | Reached XP level 8. HP: 73/73 MP: 7/7
  3592 | D:4      | Noticed Crazy Yiuf
  3594 | D:4      | Paralysed by Crazy Yiuf for 5 turns
  3646 | D:4      | Killed Crazy Yiuf
  3704 | D:4      | Identified the +3 mace of the Puffin {drain, rF+} (You found it on level 4 of the Dungeon)
  3720 | D:5      | Entered Level 5 of the Dungeon
  3896 | D:5      | Reached *** piety under Trog
  4067 | D:5      | Got a jewelled leather armour
  4255 | D:5      | Found a shimmering altar of Xom.
  4646 | D:5      | Identified the +1 leather armour of Pan-Flutes {rC- Dex+6} (You found it on level 5 of the Dungeon)
  4872 | D:6      | Found Bimm's Weapon Boutique.
  4927 | D:6      | Found a staircase to the Ecumenical Temple.
  5083 | D:6      | Noticed Sigmund
  5089 | D:6      | Killed Sigmund
  5089 | D:6      | Reached XP level 9. HP: 82/82 MP: 8/8
  5922 | D:7      | Reached **** piety under Trog
  6024 | D:7      | Found an opulent altar of Gozag.
  6289 | D:7      | Found a hazy altar of Hepliaklqana.
  6410 | D:8      | Found a flagged portal.
  6429 | Bailey   | Entered a bailey
  6429 | Bailey   | Noticed CalmDownMonkey's ghost (novice TrMo)
  6441 | Bailey   | Killed CalmDownMonkey's ghost
  6441 | Bailey   | Reached skill level 10 in Fighting
  6441 | Bailey   | Reached skill level 10 in Axes
  6441 | Bailey   | Reached skill level 10 in Armour
  6667 | Bailey   | Reached XP level 10. HP: 94/94 MP: 9/9
  6988 | D:8      | Noticed a two-headed ogre
  6989 | D:8      | Found Hanaymm's Distillery.
  6998 | D:8      | Killed a two-headed ogre
  7216 | D:8      | Bought a potion of heal wounds for 65 gold pieces
  7216 | D:8      | Bought a potion of heal wounds for 65 gold pieces
  7216 | D:8      | Bought a potion of curing for 39 gold pieces
  7216 | D:8      | Bought a potion of curing for 39 gold pieces
  7216 | D:8      | Bought a potion of degeneration for 13 gold pieces
  7216 | D:8      | Bought a potion of curing for 39 gold pieces
  7216 | D:8      | Bought a potion of curing for 39 gold pieces
  7216 | D:8      | Bought a potion of curing for 39 gold pieces
  7281 | D:8      | Noticed a two-headed ogre
  7288 | D:8      | Killed a two-headed ogre
  7701 | D:8      | Reached ***** piety under Trog
  8213 | D:8      | Noticed a two-headed ogre
  8222 | D:8      | Killed a two-headed ogre
  8235 | D:8      | Noticed a two-headed ogre
  8243 | D:8      | Killed a two-headed ogre
  8243 | D:8      | Reached XP level 11. HP: 79/104 MP: 10/10
  9329 | D:9      | Found a staircase to the Orcish Mines.
  9838 | D:9      | Found a sacrificial altar of Ru.
 10092 | D:9      | Noticed a two-headed ogre
 10100 | D:9      | Killed a two-headed ogre
 10373 | D:9      | Noticed a two-headed ogre
 10383 | D:9      | Killed a two-headed ogre
 10452 | D:10     | Entered Level 10 of the Dungeon
 10465 | D:10     | Noticed a cyan ugly thing
 10477 | D:10     | Killed a cyan ugly thing
 11130 | D:10     | Noticed a two-headed ogre
 11137 | D:10     | Killed a two-headed ogre
 11805 | D:11     | Killed an unseen horror
 12266 | D:11     | Reached XP level 12. HP: 113/115 MP: 11/11
 12386 | D:11     | Found a staircase to the Lair.
 12400 | D:11     | Noticed a two-headed ogre
 12408 | D:11     | Killed a two-headed ogre
 12410 | D:11     | Received a gift from Trog
 12647 | D:11     | Noticed a two-headed ogre
 12653 | D:11     | Killed a two-headed ogre
 13046 | D:12     | Paralysed by a hornet for 3 turns
 13192 | D:12     | Reached skill level 1 in Crossbows
 13258 | D:12     | Noticed a five-headed hydra
 13264 | D:12     | Killed a six-headed hydra
 13448 | D:12     | Noticed greprep's ghost (journeyman MiFi)
 13462 | D:12     | Killed greprep's ghost
 13785 | D:12     | Noticed a two-headed ogre
 13790 | D:12     | Killed a two-headed ogre
 13968 | D:12     | Noticed a two-headed ogre
 13974 | D:12     | Killed a two-headed ogre
 14102 | D:12     | Reached skill level 5 in Crossbows
 14281 | D:13     | Received a gift from Trog
 14396 | D:13     | Found a gate to the Vaults.
 14396 | D:13     | Noticed a vault guard
 14396 | D:13     | Noticed a vault guard
 14396 | D:13     | Noticed a vault guard
 14397 | D:13     | Noticed a vault guard
 14397 | D:13     | Noticed a vault guard
 14399 | D:13     | Noticed a vault guard
 14413 | D:13     | Killed a vault guard
 14417 | D:13     | Killed a vault guard
 14417 | D:13     | Reached XP level 13. HP: 125/125 MP: 4/12
 14930 | D:13     | Reached skill level 15 in Axes
 15690 | D:14     | Found a hazy altar of Hepliaklqana.
 16236 | D:14     | Reached skill level 15 in Fighting
 16665 | D:14     | Reached skill level 15 in Armour
 16873 | D:15     | Entered Level 15 of the Dungeon
 16885 | D:15     | Reached skill level 1 in Shields
 16914 | D:15     | Received a gift from Trog
 17159 | D:15     | Found a staircase to the Depths.
 17159 | D:15     | Noticed a dire elephant
 17176 | D:15     | Killed a dire elephant
 17624 | D:15     | Reached XP level 14. HP: 127/135 MP: 4/13
 17868 | D:15     | Received a gift from Trog
 17875 | D:15     | Reached skill level 10 in Crossbows
 17875 | D:15     | Reached skill level 5 in Shields
 19381 | Orc:1    | Entered Level 1 of the Orcish Mines
 19393 | Orc:1    | Received a gift from Trog
 19679 | Orc:2    | Entered Level 2 of the Orcish Mines
 19679 | Orc:2    | Found a staircase to the Elven Halls.
 19679 | Orc:2    | Noticed an orc warlord
 19793 | Orc:1    | Killed an orc warlord
 20057 | Orc:2    | Noticed Blork the orc
 20067 | Orc:2    | Killed Blork the orc
 20128 | Orc:2    | Received a gift from Trog
 20155 | Orc:2    | Reached ****** piety under Trog
 20235 | Orc:2    | Received a gift from Trog
 20701 | Orc:2    | Received a gift from Trog
 21045 | Orc:2    | Found Voynog's Weapon Boutique.
 21045 | Orc:2    | Found Urchumaf's Book Shoppe.
 21047 | Orc:2    | Found Kitimeg's Magic Scroll Emporium.
 21049 | Orc:2    | Found Waroax's Antique Weapon Shop.
 21056 | Orc:2    | Bought a scroll of identify for 20 gold pieces
 21061 | Orc:2    | Bought a steaming hand crossbow for 246 gold pieces
 21062 | Orc:2    | Identified the +9 hand crossbow "Fasky" {flame, MR+ Str+4 Dex+4} (You bought it in a shop on level 2 of the Orcish Mines)
 21133 | Orc:1    | Noticed Josephine
 21140 | Orc:1    | Noticed Harold
 21147 | Orc:2    | Killed Josephine
 21355 | Orc:1    | Received a gift from Trog
 21356 | Orc:1    | Killed Harold
 21751 | Lair:1   | Entered Level 1 of the Lair of Beasts
 22156 | Lair:1   | Received a gift from Trog
 22163 | Lair:1   | Reached XP level 15. HP: 143/143 MP: 4/14
 22481 | Lair:1   | Received a gift from Trog
 22709 | Lair:2   | Noticed Scuka's ghost (journeyman MiFi)
 22723 | Lair:2   | Killed Scuka's ghost
 23239 | Lair:2   | Found a staircase to the Swamp.
 23669 | Lair:3   | Found a hole to the Spider Nest.
 24797 | Lair:4   | Noticed esteth's ghost (journeyman GrEE)
 24814 | Lair:4   | Killed esteth's ghost
 25317 | Lair:5   | Found a staircase to the Slime Pits.
 25768 | Lair:5   | Received a gift from Trog
 25891 | Lair:5   | Got a sparkling iron ring
 26339 | Lair:6   | Entered Level 6 of the Lair of Beasts
 26385 | Lair:6   | Identified the ring of Sif Muna's Displeasure {rCorr rC- Dex+5} (You found it on level 5 of the Lair of Beasts)
 26782 | Lair:6   | Reached skill level 10 in Shields
 28297 | Swamp:1  | Entered Level 1 of the Swamp
 28341 | Swamp:1  | Reached XP level 16. HP: 132/152 MP: 5/15
 28743 | Swamp:1  | Received a gift from Trog
 29388 | Swamp:2  | Received a gift from Trog
 29770 | Swamp:2  | Received a gift from Trog
 29808 | Swamp:2  | You fall through a shaft!
 29810 | Swamp:3  | Noticed Aizul
 29831 | Swamp:3  | Killed Aizul
 30251 | Swamp:2  | Noticed a thorn hunter
 30258 | Swamp:2  | Killed a thorn hunter
 30386 | Swamp:2  | Received a gift from Trog
 31170 | Swamp:3  | Received a gift from Trog
 31444 | Swamp:3  | Received a gift from Trog
 31675 | Swamp:3  | Got an ichor-stained scale mail
 31879 | Swamp:3  | Identified the cursed +1 scale mail of Idenus {Str+4} (You found it on level 3 of the Swamp)
 31934 | Swamp:4  | Entered Level 4 of the Swamp
 32496 | Swamp:4  | Reached XP level 17. HP: 136/161 MP: 5/16
 32617 | Swamp:4  | Received a gift from Trog
 32893 | Swamp:4  | Got a decaying rune of Zot
 33479 | Swamp:4  | Reached skill level 15 in Crossbows
 33671 | Spider:1 | Entered Level 1 of the Spider Nest
 34175 | Spider:1 | Received a gift from Trog
 34445 | Spider:1 | Received a gift from Trog
 35189 | Depths:1 | Entered Level 1 of the Depths
 35243 | Depths:1 | Found Zeanoejy's Antique Armour Shop.
 35264 | Depths:1 | Bought a pair of runed boots for 142 gold pieces
 35264 | Depths:1 | Bought a polished chain mail for 180 gold pieces
 35275 | Depths:1 | Identified the +0 chain mail of Raothre {rN+ Str+3 Int-5} (You bought it in a shop on level 1 of the Depths)
 35275 | Depths:1 | Lost intelligence.
 35374 | Depths:1 | Found Voje's Antique Weapon Emporium.
 35704 | Depths:1 | Found Juontei's Gadget Boutique.
 35748 | Depths:1 | Found a gateway to Hell.
 36127 | Depths:1 | Received a gift from Trog
 37480 | Depths:1 | Noticed a lich
 37488 | Depths:1 | Noticed a Hell Sentinel
 37490 | Depths:1 | Found Pecuoguwagi's Distillery.
 37491 | Depths:1 | Killed a lich
 37532 | Depths:1 | You fall through a shaft!
 37532 | Depths:2 | Found a runed door.
 37532 | Depths:2 | Found a runed door.
 37532 | Depths:2 | Noticed a lich
 37573 | Depths:2 | Found Fucolyics's Antique Weapon Emporium.
 37581 | Depths:2 | Noticed Saint Roka
 37622 | Depths:2 | Killed Saint Roka
 37802 | Depths:2 | Reached XP level 18. HP: 165/171 MP: 17/17
 37809 | Depths:2 | Noticed Jorgrun
 37820 | Depths:2 | Killed Jorgrun
 38204 | Depths:2 | Found a one-way gate leading to the halls of Pandemonium.
 38944 | Depths:2 | Received a gift from Trog
 39834 | Depths:1 | Bought a potion of haste for 220 gold pieces
 39834 | Depths:1 | Bought 2 potions of haste for 440 gold pieces
 39834 | Depths:1 | Bought a potion of flight for 66 gold pieces
 39834 | Depths:1 | Bought a potion of haste for 220 gold pieces
 39834 | Depths:1 | Bought a potion of heal wounds for 110 gold pieces
 40138 | Depths:2 | Noticed Sojobo
 40941 | Depths:1 | Killed from afar by a spark wasp

Skill      XL: |  1  2  3  4  5  6  7  8  9 10 11 12 13 14 15 16 17 18 |
---------------+-------------------------------------------------------+-----
Armour         | 3 4 5 6 7 8 10 11 13 14 15 16 17 18 | 18.2
Fighting       | 4 5 6 7 8 10 11 13 14 15 16 17 18 | 18.3
Axes           | 4 5 6 7 9 10 12 13 14 15 16 17 18 | 18.8
Crossbows      | 5 9 11 13 14 16 | 16.8
Shields        | 3 8 10 12 14 | 14.1
Dodging        | |  2.1

Action                   |  1- 3 |  4- 6 |  7- 9 | 10-12 | 13-15 | 16-18 || total
-------------------------+-------+-------+-------+-------+-------+-------++-------
Melee: Hand axe          |    44 |   111 |    22 |       |       |       ||   177
       Headbutt          |     8 |    18 |    55 |   105 |   187 |   106 ||   479
       Unarmed           |       |    13 |       |       |       |       ||    13
       War axe           |       |       |   247 |   421 |       |       ||   668
       Broad axe         |       |       |       |   144 |   690 |   261 ||  1095
       Hand crossbow     |       |       |       |       |    23 |       ||    23
       Scimitar          |       |       |       |       |     3 |       ||     3
       Executioner's axe |       |       |       |       |       |   213 ||   213
 Fire: Hand crossbow     |       |       |       |    63 |   525 |   734 ||  1322
       Arbalest          |       |       |       |       |       |    37 ||    37
Invok: Berserk           |     1 |     3 |     6 |     3 |     4 |     6 ||    23
       Trog's Hand       |       |       |     2 |       |       |     1 ||     3
       Burn Spellbooks   |       |       |       |     2 |     1 |     2 ||     5
       Brothers in Arms  |       |       |       |     1 |     9 |    14 ||    24
  Use: Scroll            |       |     7 |    11 |     8 |    11 |    12 ||    49
       Potion            |       |       |       |     1 |     2 |     5 ||     8
 Stab: Distracted        |       |       |       |       |       |     1 ||     1
  Eat: Chunk             |     1 |     7 |    17 |    31 |    49 |    32 ||   137
       Fruit             |       |     1 |     2 |     2 |     5 |    13 ||    23
       Royal jelly       |       |       |       |       |       |     3 ||     3
Armor: Animal skin       |     8 |       |       |       |       |       ||     8
       Chain mail        |     6 |    78 |   142 |    23 |       |       ||   249
       Plate armour      |       |       |       |   324 |   525 |   494 ||  1343
Dodge: Dodged            |    17 |    64 |   120 |   219 |   271 |   230 ||   921
Block: Buckler           |       |       |       |       |   214 |   172 ||   386
